 Dungeon Crawl Stone Soup version 0.30.0-19-g36f170ea60 (webtiles) character file.

Game seed: 13057261503331771727

136558 KittyFluff the Bludgeoner (level 17, -19/111 HPs)
             Began as a Gargoyle Berserker on May 26, 2023.
             Was the Champion of Trog.
             Demolished by a snapping turtle (26 damage)
             ... on level 2 of the Shoals on May 27, 2023.
             The game lasted 03:05:18 (29812 turns).

KittyFluff the Bludgeoner (Gargoyle Berserker)     Turns: 29812, Time: 03:05:21

Health: -19/111    AC: 39    Str: 24    XL:     17   Next: 22%
Magic:  17/17      EV: 14    Int:  5    God:    Trog [******]
Gold:   1150       SH:  5    Dex: 19    Spells: 16/16 levels left

rFire   + . .        G - +5 dire flail (heavy)
rCold   + . .        (shield currently unavailable)
rNeg    + . .        L - +1 chain mail {rF+}
rPois   ∞            K - +2 helmet of the Stone Wall {rElec Regen+ rCorr Dex+2}
rElec   +            k - +0 cloak
rCorr   +            n - +0 pair of gloves {hurl}
SInv    +            z - +0 pair of boots
Will    +....        s - amulet of reflection
Stlth   ++           w - +4 ring of protection
HPRegen 1.18/turn    S - ring of Lughiafa {rC+ Int-4 Dex+4 SInv}
MPRegen 0.15/turn

%: reflection
@: flying
A: sickness immunity, AC +12, big wings, negative energy resistance 1,
electricity resistance, torment resistance 1, petrification resistance
a: Renounce Religion, Berserk, Trog's Hand, Brothers in Arms


You were on level 2 of the Shoals.
You worshipped Trog.
Trog was exalted by your worship.
You visited 4 branches of the dungeon, and saw 24 of its levels.
You also visited: Gauntlet.

You collected 2634 gold pieces.
You spent 1484 gold pieces at shops.

Inventory:

Hand Weapons
 c - a +2 arbalest of electrocution
 i - a +4 sling of freezing
 B - the +10 mace of the Mordant God {spect, rC- Dex+4}
   (You found it on level 6 of the Dungeon)

   Dex:       It affects your dexterity (+4).
   rC:        It makes you vulnerable to cold.
 G - a +5 heavy dire flail (weapon)
 N - a +3 heavy great mace
Missiles
 g - 11 silver javelins
 u - 28 boomerangs (quivered)
 C - 23 boomerangs of dispersal
 E - 19 poisoned darts
 R - 9 curare-tipped darts
Armour
 h - a +3 plate armour
 k - a +0 cloak (worn)
 n - a +0 pair of gloves of hurling (worn)
 z - a +0 pair of boots (worn)
 H - a +2 chain mail of cold resistance
 K - the +2 helmet of the Stone Wall (worn) {rElec Regen+ rCorr Dex+2}
   (You bought it in a shop on level 2 of the Orcish Mines)

   Dex:       It affects your dexterity (+2).
   rElec:     It insulates you from electricity.
   Regen:     It increases your rate of health regeneration.
   rCorr:     It protects you from acid and corrosion.
 L - a +1 chain mail of fire resistance (worn)
 U - a +2 scale mail of poison resistance
 X - the +4 skin of Zhor {*Englaciate rC+++ SInv}
   (You found it on level 15 of the Dungeon)

   *Englaciate: It radiates cold, occasionally slowing all nearby creatures who
   are not resistant to cold.
   rC:        It renders you almost immune to cold.
   SInv:      It lets you see invisible.
Jewellery
 s - an amulet of reflection (around neck)
 t - the ring of Pogupn {SInv Stlth+}
   (You found it on level 1 of the Lair of Beasts)

   [ring of see invisible]

   SInv:      It lets you see invisible.
   Stlth:     It makes you more stealthy.
 w - a +4 ring of protection (left hand)
 S - the ring of Lughiafa (right hand) {rC+ Int-4 Dex+4 SInv}
   (You found it on level 9 of the Dungeon)

   [ring of see invisible]

   Int:       It affects your intelligence (-4).
   Dex:       It affects your dexterity (+4).
   rC:        It protects you from cold.
   SInv:      It lets you see invisible.
Wands
 f - a wand of quicksilver (25)
 y - a wand of flame (34)
 F - a wand of mindburst (22)
 J - a wand of polymorph (3)
 M - a wand of paralysis (6)
 Q - a wand of digging (2)
 T - a wand of iceblast (22)
Scrolls
 a - 15 scrolls of teleportation
 b - 5 scrolls of fear
 e - 6 scrolls of immolation
 o - 5 scrolls of fog
 p - a scroll of blinking
 q - 7 scrolls of poison
 D - 3 scrolls of enchant armour
 O - a scroll of brand weapon
 V - 2 scrolls of torment
 W - 8 scrolls of enchant weapon
 Y - 6 scrolls of identify
 Z - 6 scrolls of magic mapping
Potions
 d - 3 potions of curing
 j - 7 potions of haste
 l - 2 potions of resistance
 m - 4 potions of might
 r - 6 potions of heal wounds
 x - a potion of invisibility
 A - 5 potions of mutation
 I - 4 potions of attraction
 P - a potion of cancellation
Miscellaneous
 v - a phial of floods


   Skills:
 + Level 14.1 Fighting
 * Level 19.2 Maces & Flails
 + Level 7.9 Ranged Weapons
 + Level 5.1 Throwing
 + Level 13.9 Armour
 + Level 8.8 Dodging
 + Level 10.3 Stealth
 - Level 3.4 Shields


You had 16 spell levels left.
You didn't know any spells.
Your spell library was empty.

Dungeon Overview and Level Annotations

Branches:
Dungeon (15/15)            Temple (0/1) D:6            Lair (5/5) D:11
 Shoals (2/4) Lair:2        Snake (0/4) Lair:3        Slime (0/5) Lair:5
    Orc (2/2) D:12            Elf (0/3) Orc:2        Vaults (0/5) D:14
 Depths (0/4) D:15        Gauntlet (visited)

Altars:
Cheibriados
Dithmenos
Elyvilon
Kikubaaqudgha
Nemelex Xobeh
Qazlal
Ru
Uskayaw
Xom
Zin

Shops:
D:3 !   D:10 (   D:13 !   Orc:1 *   Orc:2 :![?   Shoals:1 [

Portals:
Pandemonium: Orc:2
Trove: D:13 (give +4 demon blade)

Annotations:
D:10 1 runed translucent door, bungle's ghost, journeyman GnWr
Lair:1 3 runed translucent doors, Amaemon; Kamelo's ghost, journeyman MiBe
Shoals:2 SecretSquirrel's ghost, adept MiHu


Innate Abilities, Weirdness & Mutations

You are immune to sickness and miasma.
Your stone body is resilient. (AC +12)
You are immune to poison.
Your large and strong wings let you fly.
You resist negative energy. (rN+)
You are resistant to electric shocks. (rElec)
You are resistant to unholy torment.
You are immune to petrification.


Message History

The moth of wrath goads the snapping turtle on!
The snapping turtle goes berserk!
The snapping turtle barely misses you. The harpy claws you but does no damage.
You block the harpy's attack.
The snapping turtle bites you but does no damage.
The harpy barely misses you. The harpy claws you but does no damage.
The snapping turtle bites you but does no damage.
The alligator snapping turtle bites you!
You puncture the alligator snapping turtle!
The alligator snapping turtle is lightly wounded.
The snapping turtle bites you from afar!!
The moth of wrath goads the harpy on!
The harpy goes berserk!
The moth of wrath goads the manticore on!
The manticore goes berserk!
The snapping turtle bites you from afar!
The snapping turtle closely misses you. The manticore bites you!
The manticore claws you!
* * * LOW HITPOINT WARNING * * *
The manticore closely misses you.
You feel much better. You block the harpy's attack.
The harpy claws you but does no damage.
The alligator snapping turtle barely misses you.
The snapping turtle bites you but does no damage.
The moth of wrath bites you but does no damage.
The manticore bites you but does no damage.
The manticore claws you! You block the manticore's attack.
The snapping turtle bites you from afar!
* * * LOW HITPOINT WARNING * * *
You hit the alligator snapping turtle but do no damage.
The alligator snapping turtle is lightly wounded.
The harpy misses you. The harpy closely misses you.
The harpy claws you but does no damage. The harpy completely misses you.
The manticore completely misses you. The manticore closely misses you.
The manticore claws you.
* * * LOW HITPOINT WARNING * * *
The snapping turtle bites you but does no damage.
The moth of wrath closely misses you.
The alligator snapping turtle bites you!!
* * * LOW HITPOINT WARNING * * *
The snapping turtle bites you from afar!!
You die...

~~)~........##..#....##.....~~~~~
~~~~........#.#...#...#...~~~~~~~
~~~.........#..#.##..##...~~~~~~~
~~~.........##)#...#.#©†..~~~~~~~
~~~..........#?#.†...##......~~~~
~~~.........©#![.©#...#..........
~~~~~........#?t#...#$#........##
~~≈≈~~~~~~..##$HHyt#.##........##
≈≈≈~~~~~~~..#..#@#...#.........##
≈~≈≈≈~~~~~~~#..#t#W..#..........#
~~)≈≈~~~~~.~##..$.y..#........~.#
~~~~~~~~~..~~###.©.###........~>#
~~..~~~~~......#####.~~.~~~~~~~..
.~....~~~~.........~.~~~~~~~~~~~.
.###..~~.....##.~~~~~~~~~~~~~~~~~
## #..~......##..~~~≈~~~~~≈~~~~~~
## #.~~~.>..###...~~~~~~~~~~~~≈≈~


You could see an alligator snapping turtle, 2 snapping turtles, a manticore
(berserk), a moth of wrath and a harpy (berserk).

Vanquished Creatures
  Jorgrun (D:15)
  Kirke (D:15)
  Ilsuiw (Shoals:2)
  Aizul (Shoals:1)
  Nessos (D:14)
  A minotaur (Gauntlet)
  A fire dragon (D:15)
  Snorg (D:13)
  A crystal guardian (D:11)
  Josephine (D:11)
  2 merfolk impalers
  2 ice dragons (D:15)
  6 hydras
  6 centaur warriors
  A vault guard (D:14)
  2 demonspawn (Orc:2)
  A catoblepas (Lair:5)
  An alligator snapping turtle (Shoals:2)
  4 boulder beetles
  7 two-headed ogres
  14 death yaks
  A deep troll shaman (Lair:5)
  5 orc high priests (Orc:2)
  Sonja (D:11)
  5 skysharks
  A deep troll (Lair:1)
  The ghost of JobberGirl the Twirler, a novice HuGl of Nemelex Xobeh (D:6)
  7 sea snakes
  7 orc knights
  A lindwurm (Lair:5)
  An obsidian statue (Gauntlet)
  Pikel (D:3)
  5 wizards
  An oklob plant (Gauntlet)
  7 fauns
  A deep elf pyromancer (D:14)
  8 orc sorcerers
  6 ugly things
  6 cyclopes
  A worldbinder (Gauntlet)
  12 manticores
  A moth of wrath (Shoals:2)
  10 merfolk sirens
  An elephant (shapeshifter) (D:13)
  13 elephants
  Joseph (D:8)
  8 black mambas
  5 water nymphs
  2 gargoyles
  8 cane toads
  An orange demon (Lair:1)
  3 torpor snails
  10 komodo dragons
  12 rime drakes
  5 yaktaurs (D:15)
  A hellwing (Orc:2)
  6 trolls
  12 merfolk
  4 polar bears
  3 meliai (D:15)
  2 wind drakes (Shoals:2)
  19 blink frogs
  22 dream sheep
  9 hornets (D:12)
  5 snapping turtles
  3 slime creatures (D:14)
  A centaur simulacrum (D:15)
  A ynoxinul (Orc:2)
  A vampire (D:14)
  6 wraiths
  4 wyverns
  2 hogs (D:15)
  21 humans (D:14)
  43 yaks
  5 basilisks
  2 steam dragons
  9 vampire mosquitoes
  2 chaos spawn (Orc:2)
  5 swamp worms (Lair:3)
  3 wargs
  A floating eye (D:12)
  4 acid dragons
  Duvessa (D:7)
  17 water moccasins
  An ice beast (D:5)
  32 orc warriors
  2 black bears
  3 boggarts (Gauntlet)
  4 ogres
  9 wolves (Lair:5)
  13 centaurs
  2 lemures (D:3)
  2 phantoms
  Blork the orc (D:5)
  4 kobold brigands
  6 bullfrogs
  2 scorpions (D:5)
  24 wights
  Dowan (D:7)
  3 electric eels
  2 howler monkeys
  6 hounds
  2 quasits (D:6)
  6 jellies
  32 orc priests
  2 gnoll boudas
  2 iguanas (D:6)
  A sleepcap (D:3)
  18 orc wizards
  2 mummies
  10 adders
  11 gnolls
  4 shadow imps
  4 white imps (D:6)
  3 ufetubi (D:6)
  A worm (D:3)
  A dart slug (D:3)
  87 orcs
  7 ball pythons
  8 endoplasms
  3 giant cockroaches
  10 goblins
  12 hobgoblins
  4 jackals
  10 bats
  3 frilled lizards (D:1)
  2 hobgoblin zombies (D:8)
  25 kobolds
  A kobold zombie (D:8)
  An orc zombie (D:8)
  4 rats
821 creatures vanquished.

Vanquished Creatures (others)
  A human (D:15)
  4 spectral weapons
5 creatures vanquished.

Grand Total: 826 creatures vanquished

Notes
Turn   | Place    | Note
-------+----------+-------------------------------------------
     0 | D:1      | KittyFluff the Gargoyle Berserker began the quest for the
                  | Orb.
     0 | D:1      | Reached XP level 1. HP: 14/14 MP: 1/1
   141 | D:1      | Reached XP level 2. HP: 16/19 MP: 2/2
   508 | D:1      | Found a faded altar of an unknown god.
   560 | D:1      | Reached XP level 3. HP: 23/23 MP: 3/3
   565 | D:1      | Reached ** piety under Trog
  1276 | D:2      | Reached XP level 4. HP: 25/28 MP: 4/4
  1401 | D:2      | Reached skill level 4 in Maces & Flails
  2224 | D:3      | Reached XP level 5. HP: 33/33 MP: 5/5
  2361 | D:3      | Found an ancient bone altar of Kikubaaqudgha.
  2884 | D:3      | Found Quhip's Distillery.
  2892 | D:3      | Bought a potion of heal wounds for 65 gold pieces
  3129 | D:3      | Reached skill level 5 in Maces & Flails
  3161 | D:3      | Reached skill level 1 in Stealth
  3161 | D:3      | Reached XP level 6. HP: 30/38 MP: 6/6
  3289 | D:4      | Noticed Pikel
  3380 | D:3      | Killed Pikel
  3381 | D:3      | Reached skill level 6 in Maces & Flails
  3381 | D:3      | Reached XP level 7. HP: 30/44 MP: 7/7
  3738 | D:4      | Reached *** piety under Trog
  3739 | D:4      | Reached skill level 7 in Maces & Flails
  4292 | D:5      | Entered Level 5 of the Dungeon
  4422 | D:5      | Noticed Blork the orc
  4433 | D:5      | Killed Blork the orc
  4434 | D:5      | Reached XP level 8. HP: 42/48 MP: 8/8
  4877 | D:5      | Reached skill level 8 in Maces & Flails
  5449 | D:6      | Identified the +10 mace of the Mordant God {spect, rC-
                  | Dex+4}
  5723 | D:6      | Noticed a wyvern
  5737 | D:6      | Killed a wyvern
  5738 | D:6      | Reached skill level 5 in Fighting
  5738 | D:6      | Reached skill level 5 in Armour
  5958 | D:6      | Noticed JobberGirl's ghost (novice HuGl)
  5961 | D:6      | Found a runed translucent door.
  6005 | D:6      | Reached **** piety under Trog
  6041 | D:6      | Reached XP level 9. HP: 40/54 MP: 9/9
  6152 | D:6      | Found a staircase to the Ecumenical Temple.
  6211 | D:6      | Killed JobberGirl's ghost
  6212 | D:6      | Reached skill level 9 in Maces & Flails
  6902 | D:7      | Reached skill level 10 in Maces & Flails
  6999 | D:7      | Identified the +7 short sword of the Crypt {antimagic,
                  | Fragile rPois Str+5 Dex+3}
  7354 | D:7      | Noticed Dowan
  7446 | D:7      | Noticed Duvessa
  7462 | D:7      | Killed Duvessa
  7463 | D:7      | Killed Dowan
  7818 | D:8      | Reached XP level 10. HP: 60/60 MP: 10/10
  7835 | D:8      | Noticed Joseph
  7864 | D:8      | Killed Joseph
  7865 | D:8      | Reached skill level 11 in Maces & Flails
  8018 | D:8      | Found a sparkling altar of Nemelex Xobeh.
  8018 | D:8      | Found a white marble altar of Elyvilon.
  8253 | D:8      | Reached ***** piety under Trog
  8398 | D:8      | Found a shadowy altar of Dithmenos.
  8642 | D:9      | Reached skill level 12 in Maces & Flails
  8700 | D:9      | Reached skill level 5 in Dodging
  8810 | D:9      | Identified the ring of Lughiafa {rC+ Int-4 Dex+4 SInv}
  8817 | D:9      | Noticed a two-headed ogre
  8826 | D:9      | Killed a two-headed ogre
  8954 | D:9      | Reached XP level 11. HP: 65/66 MP: 11/11
  9043 | D:9      | Found a stormy altar of Qazlal.
  9043 | D:9      | Found a shimmering altar of Xom.
  9044 | D:9      | Found a glowing silver altar of Zin.
  9145 | D:9      | Noticed a two-headed ogre
  9155 | D:9      | Killed a two-headed ogre
  9269 | D:9      | You fall into a shaft and drop 2 floors!
  9284 | D:11     | Noticed a white ugly thing
  9308 | D:11     | Noticed a two-headed ogre
  9521 | D:11     | Found a runed translucent door.
  9523 | D:11     | Noticed a five-headed hydra
  9523 | D:11     | Noticed a centaur warrior
  9524 | D:11     | Noticed a crystal guardian
  9524 | D:11     | Noticed a manticore
  9525 | D:11     | Noticed an ogre mage
  9525 | D:11     | Noticed a manticore
  9532 | D:11     | Noticed an orc knight
  9563 | D:10     | Entered Level 10 of the Dungeon
  9566 | D:10     | Found a runed translucent door.
  9566 | D:10     | Noticed bungle's ghost (journeyman GnWr)
  9567 | D:10     | Noticed a cyclops
  9643 | D:10     | Reached skill level 13 in Maces & Flails
  9894 | D:9      | Found a hide-covered altar of Uskayaw.
  9971 | D:9      | Reached skill level 1 in Throwing
 10024 | D:9      | Received a gift from Trog
 10123 | D:9      | Noticed a death yak
 10134 | D:9      | Killed a death yak
 10922 | D:10     | Reached skill level 5 in Stealth
 10955 | D:10     | Found Laegog's Weapon Shoppe.
 11472 | D:11     | Killed a two-headed ogre
 11545 | D:11     | Noticed a two-headed ogre
 11553 | D:11     | Killed a two-headed ogre
 11716 | D:11     | Noticed Josephine
 11748 | D:11     | Killed Josephine
 11749 | D:11     | Reached skill level 14 in Maces & Flails
 11749 | D:11     | Reached XP level 12. HP: 61/72 MP: 12/12
 12139 | D:11     | Found a staircase to the Lair.
 12317 | D:11     | Noticed Sonja
 12328 | D:11     | Killed Sonja
 12595 | Lair:1   | Entered Level 1 of the Lair of Beasts
 12694 | Lair:1   | Found a runed translucent gate.
 12695 | Lair:1   | Found a runed translucent gate.
 12695 | Lair:1   | Noticed Kamelo's ghost (journeyman MiBe)
 12695 | Lair:1   | Noticed an 11-headed hydra
 12695 | Lair:1   | Noticed an 11-headed hydra
 12696 | Lair:1   | Found a runed translucent gate.
 12711 | Lair:1   | Noticed a death yak
 12711 | Lair:1   | Noticed a death yak
 12749 | Lair:1   | Identified the ring of Pogupn {SInv Stlth+}
 12867 | Lair:1   | Noticed a death yak
 12868 | Lair:1   | Noticed Amaemon
 12893 | Lair:1   | Killed a death yak
 12903 | Lair:1   | Killed a death yak
 12920 | Lair:1   | Killed a death yak
 13944 | Lair:2   | Reached skill level 15 in Maces & Flails
 14002 | Lair:2   | Found a staircase to the Shoals.
 14010 | Lair:2   | Reached XP level 13. HP: 78/79 MP: 13/13
 14277 | Lair:2   | Reached skill level 10 in Armour
 14310 | Lair:2   | Received a gift from Trog
 14885 | Lair:3   | Found a transporter.
 14905 | Lair:3   | Found a transporter.
 15886 | Lair:3   | Identified the +6 war axe of Wut Ozeo {holy, *Rage rElec
                  | rPois rCorr}
 15994 | Lair:3   | Found a staircase to the Snake Pit.
 16031 | Lair:3   | Reached skill level 16 in Maces & Flails
 16213 | Lair:3   | Reached skill level 10 in Fighting
 16375 | Lair:3   | Gained mutation: Your large and strong wings let you fly.
                  | [Gargoyle growth]
 16375 | Lair:3   | Reached XP level 14. HP: 76/88 MP: 14/14
 16377 | Lair:3   | Reached skill level 1 in Shields
 17017 | Lair:4   | Reached ****** piety under Trog
 17741 | Lair:4   | Received a gift from Trog
 17929 | Lair:5   | Entered Level 5 of the Lair of Beasts
 17980 | Lair:5   | Found a glowing silver altar of Zin.
 18319 | Lair:5   | Found a staircase to the Slime Pits.
 19822 | D:11     | Received a gift from Trog
 20011 | D:12     | Found a staircase to the Orcish Mines.
 20212 | D:12     | Reached XP level 15. HP: 77/95 MP: 15/15
 20345 | D:12     | Reached skill level 1 in Ranged Weapons
 20568 | D:12     | Found a snail-covered altar of Cheibriados.
 20725 | D:12     | Paralysed by a floating eye for 2 turns
 20756 | D:12     | Reached skill level 17 in Maces & Flails
 20872 | D:13     | Found Jiufaz's Distillery.
 20897 | D:13     | Bought a potion of heal wounds for 85 gold pieces
 20911 | D:13     | Noticed Snorg
 20926 | D:13     | Killed Snorg
 20958 | D:13     | Found a gate leading to a gauntlet.
 20972 | D:13     | Found a portal to a secret trove of treasure.
 21021 | Gauntlet | Entered a Gauntlet
 21021 | Gauntlet | Found a transporter.
 21021 | Gauntlet | Found a runed translucent door.
 21021 | Gauntlet | Found a runed translucent door.
 21021 | Gauntlet | Found a transporter.
 21024 | Gauntlet | Found a transporter.
 21051 | Gauntlet | Found a transporter.
 21067 | Gauntlet | Found a transporter.
 21070 | Gauntlet | Found a transporter.
 21090 | Gauntlet | Found a transporter.
 21108 | Gauntlet | Found a transporter.
 21123 | Gauntlet | Found a transporter.
 21126 | Gauntlet | Found a transporter.
 21137 | Gauntlet | Found a transporter.
 21137 | Gauntlet | Found a transporter.
 22497 | D:14     | Noticed Nessos
 22502 | D:14     | Killed Nessos
 22884 | D:14     | Received a gift from Trog
 22959 | D:14     | Found a gate to the Vaults.
 23002 | D:14     | Identified the +2 great sword "Vuasyl" {venom, +Blink rF+
                  | rCorr Int-5}
 23425 | D:14     | Found a sacrificial altar of Ru.
 23474 | D:15     | Entered Level 15 of the Dungeon
 23541 | D:15     | HP: 4/145 [meliai/+0 war axe (13)]
 23564 | D:15     | HP: 1/97 [manticore/volley of spikes (11)]
 24250 | D:15     | Found a staircase to the Depths.
 24387 | D:15     | Noticed Kirke
 24405 | D:15     | Killed Kirke
 24406 | D:15     | Reached XP level 16. HP: 103/103 MP: 16/16
 24429 | D:15     | Noticed Jorgrun
 24447 | D:15     | Reached skill level 10 in Stealth
 24455 | D:15     | Killed Jorgrun
 24456 | D:15     | Reached skill level 18 in Maces & Flails
 24456 | D:15     | Reached skill level 5 in Ranged Weapons
 24902 | D:15     | Received a gift from Trog
 25038 | D:15     | Found the +4 skin of Zhor {*Englaciate rC+++ SInv}
 25353 | Orc:1    | Entered Level 1 of the Orcish Mines
 25500 | Orc:2    | Entered Level 2 of the Orcish Mines
 25529 | Orc:1    | Found Paxia's General Store.
 25870 | Orc:2    | Found a staircase to the Elven Halls.
 25951 | Orc:2    | Received a gift from Trog
 26519 | Orc:2    | Found Tumno's Magic Scroll Shop.
 26724 | Orc:2    | Found Ycli's Distillery.
 26947 | Orc:2    | Paralysed by an orc sorcerer for 2 turns
 27259 | Orc:2    | Bought a scroll of teleportation for 42 gold pieces
 27259 | Orc:2    | Bought a scroll of teleportation for 42 gold pieces
 27365 | Orc:2    | Paralysed by an orc sorcerer for 4 turns
 27701 | Orc:2    | Found Zuruucaa's Book Shoppe.
 27701 | Orc:2    | Found Cuehuere's Antique Armour Emporium.
 27701 | Orc:2    | Found a one-way gate leading to the halls of Pandemonium.
 27709 | Orc:2    | Bought a bloodstained helmet for 190 gold pieces
 27709 | Orc:2    | Identified the +2 helmet of the Stone Wall {rElec Regen+
                  | rCorr Dex+2} (You bought it in a shop on level 2 of the
                  | Orcish Mines)
 27709 | Orc:2    | Bought a shiny chain mail for 150 gold pieces
 27991 | Shoals:1 | Entered Level 1 of the Shoals
 27997 | Shoals:1 | Received a gift from Trog
 28052 | Shoals:1 | Noticed Aizul
 28063 | Shoals:1 | Killed Aizul
 28064 | Shoals:1 | Reached skill level 5 in Throwing
 28076 | Shoals:1 | Found Zoaxuo's Antique Armour Shoppe.
 28563 | Shoals:1 | Bought a glowing plate armour for 910 gold pieces
 28789 | Shoals:2 | Found a transporter.
 28824 | Shoals:2 | Noticed SecretSquirrel's ghost (adept MiHu)
 28968 | Shoals:2 | Noticed Ilsuiw
 28991 | Shoals:2 | Reached skill level 19 in Maces & Flails
 29063 | Shoals:2 | Reached XP level 17. HP: 110/110 MP: 17/17
 29543 | Shoals:2 | Found a transporter.
 29576 | Shoals:2 | Killed Ilsuiw
 29812 | Shoals:2 | Demolished by a snapping turtle

Illustrated notes

Levels and vault maps discovered:
D:1:      dpeg_arrival_morbid_curiosity, layout_basic,
          ebering_ecumenical_altar_sacrificial
D:2:      minmay_chambers_of_ones, layout_basic
D:3:      kennysheep_six_static_rooms, layout_basic, overflow_temple_1_default,
          serial_shops, shop, roderic_lattice_a
D:4:      layout_layer_cave, serial_bayou, serial_bayou_pond_a,
          serial_bayou_pond_c, serial_bayou_lagoon_a, serial_bayou_pond_b,
          hex_large, minmay_tree_intersection, uniq_pikel
D:5:      layout_basic, minmay_holes, uniq_blork_the_orc
D:6:      layout_layer_cave, minmay_temple_entry_enclosed_plants,
          serial_demonic, serial_demonic_b, serial_demonic_g, serial_demonic_d,
          serial_demonic_d, hellmonk_ghost_happy_afterlife,
          minmay_unpleasant_kobolds
D:7:      layout_gridville, uniq_duvessa
D:8:      layout_rooms, grunt_dithmenos_shadows, nicolae_overflow_two_pavilions,
          special_room [special_room_orc], minmay_mini_ossuary, uniq_joseph
D:9:      argonaut_augean_stables, layout_small_grid,
          mainiacjoe_overflow_catwalk,
          chequers_temple_overflow_statue_of_worship, serial_rivers,
          chequers_serial_rivers_large_b, chequers_serial_rivers_micro_e,
          chequers_serial_rivers_micro_e, chequers_serial_rivers_micro_e,
          kennysheep_opposing_triangles
D:10:     layout_basic, ebering_ghost_inner_flame, serial_shops,
          nicolae_shop_hallway_plus
D:11:     layout_stronghold, lair_entry_dummy, minmay_st_funbox, uniq_josephine,
          uniq_sonja
D:12:     hellmonk_paralyzer, layout_irregular_city, orc_0_dummy, slow_altar_1
D:13:     layout_cave_pods, gauntlet_entry_generic, serial_shops,
          nicolae_stop_n_shop_1, nicolae_trove_entry_free_sample,
          minmay_librarian, uniq_snorg
D:14:     layout_irregular_city, grunt_vaults_entry_tiered, serial_park_square2,
          serial_column_ruins, column_ruins_hut, column_ruins_hut,
          column_ruins_columns_straight, column_ruins_open_small,
          column_ruins_grid_1, column_ruins_open_tiny_water,
          column_ruins_grid_3, column_ruins_columns_corner,
          nicolae_ru_great_annihilating_truth, uniq_nessos
D:15:     grunt_enter_depths_hoard, layout_irregular_city,
          hellmonk_guarded_unrand_zhor, uniq_jorgrun, uniq_kirke
Lair:1:   dreamdust_cave_troll, layout_chaotic_city, gammafunk_ghost_hydra_chop,
          grunt_megastairs_4, uniq_amaemon
Lair:2:   nzn_winding_woodlands_three_and_one
          [nzn_winding_woodlands_5x15_pockets,
          nzn_winding_woodlands_5x15_concentric,
          nzn_winding_woodlands_5x15_zeroes,
          nzn_winding_woodlands_center_triple_pond], layout_cave_pods,
          nicolae_shoals_entry_flooding, eino_small_chamber_without_monster
Lair:3:   gammafunk_worm_tunnel, layout_cave_pods, dummy_snake_entry,
          nicolae_lair_grazing_beasts [nicolae_sub_lair_graze_edge,
          nicolae_sub_lair_graze_edge, nicolae_sub_lair_graze_edge,
          nicolae_sub_lair_graze_edge]
Lair:4:   layout_regular_city, kennysheep_basilisk_garden
Lair:5:   grunt_lair_end_beastmaster, layout_loops_ring,
          nicolae_slime_entry_field_trip, basic_altar
Shoals:1: layout_shoals, serial_shops, nicolae_shop_advertising_works
          [nicolae_subvault_shop_adworks], uniq_aizul
Shoals:2: layout_shoals, gammafunk_ghost_berserking_beasts, uniq_ilsuiw
Orc:1:    layout_diamond_mine, basic_altar, serial_shops, shop
Orc:2:    pf_orc_diabolical, layout_diamond_mine, nicolae_orc_pool_cavern

Skill      XL: |  1  2  3  4  5  6  7  8  9 10 11 12 13 14 15 16 17 |
---------------+----------------------------------------------------+-----
Maces & Flails | 4 5 6 7 8 10 12 14 15 16 17 19 | 19.2
Armour         | 3 4 5 6 7 8 9 11 12 13 | 13.9
Dodging        | 2 3 4 5 6 7 8 |  8.8
Stealth        | 1 2 3 6 7 8 9 10 | 10.3
Fighting       | 4 5 6 7 8 10 11 12 13 14 | 14.1
Throwing       | 1 3 4 5 |  5.1
Shields        | 3 |  3.4
Ranged Weapons | 4 7 |  7.9

Action                     |  1- 3 |  4- 6 |  7- 9 | 10-12 | 13-15 | 16-18 || total
---------------------------+-------+-------+-------+-------+-------+-------++-------
  Melee: Mace              |   101 |   124 |   388 |   480 |   573 |       ||  1666
         Punch             |       |     1 |     6 |     6 |    10 |       ||    23
         Dire flail        |       |       |       |       |   454 |   557 ||  1011
   Fire: Arbalest          |       |       |       |       |       |   148 ||   148
  Throw: Boomerang         |       |       |     5 |    35 |    26 |    36 ||   102
         Javelin           |       |       |       |       |     1 |       ||     1
         Throwing net      |       |       |       |       |     1 |       ||     1
 Invoke: Berserk           |       |       |       |       |     2 |       ||     2
         Trog's Hand       |       |       |       |       |     1 |     3 ||     4
    Use: Scroll            |       |     1 |     8 |     8 |    16 |     4 ||    37
         Potion            |       |       |       |     3 |     8 |     5 ||    16
   Stab: Sleeping          |       |     1 |     3 |    11 |     4 |     2 ||    21
         Distracted        |       |       |       |     9 |    13 |     4 ||    26
         Petrified         |       |       |       |       |     5 |       ||     5
         Paralysed         |       |       |       |       |     1 |       ||     1
 Armour: Animal skin       |    56 |    21 |       |       |       |    91 ||   168
         Leather armour    |       |    22 |   227 |   207 |    39 |       ||   495
         Skin              |       |       |       |     5 |       |       ||     5
         Scale mail        |       |       |       |       |    93 |       ||    93
         Chain mail        |       |       |       |       |   550 |   309 ||   859
  Dodge: Dodged            |   104 |    73 |   262 |   299 |   690 |   482 ||  1910
  Block: Other             |       |       |       |       |   233 |   186 ||   419
         Reflection        |       |       |       |       |     3 |    16 ||    19
